 Dungeon Crawl Stone Soup version 0.29-a0-451-gfbfa42419e (webtiles) character file.

Game seed: 353478425240278602

548 jlumianski the Chopper (level 7, -2/50 (53) HPs)
             Began as a Demonspawn Fighter on May 19, 2022.
             Slain by a wight
             ... wielding a +0 vampiric battleaxe
              (10 damage)
             ... on level 5 of the Dungeon.
             The game lasted 00:17:42 (4960 turns).

jlumianski the Chopper (Demonspawn Fighter)         Turns: 4960, Time: 00:17:43

HP:   -2/50 (53)    AC: 18    Str: 19    XL:     7   Next: 7%
MP:   7/7           EV:  7    Int:  9    God:
Gold: 194           SH:  5    Dex: 18    Spells: 6/6 levels left

rFire   . . .      SeeInvis .   a - +0 war axe
rCold   . . .      Faith    .   c - +0 buckler
rNeg    . . .      Spirit   .   r - +3 chain mail
rPois   .          Reflect  .   (helmet restricted)
rElec   .          Harm     .   k - +0 cloak
rCorr   .          Rampage  .   m - +0 pair of gloves
Will    .....                   (no boots)
Stlth   ..........              (no amulet)
HPRegen 0.16/turn               d - +6 ring of dexterity
MPRegen 0.20/turn               g - +4 ring of protection

@: drained
A: horns 1, ignite blood 2, magic regeneration
a: no special abilities


You were on level 5 of the Dungeon.
You visited 1 branch of the dungeon, and saw 7 of its levels.

You collected 194 gold pieces.

Inventory:

Hand Weapons
 a - a +0 war axe (weapon)
Missiles
 f - 12 poisoned darts (quivered)
 h - 148 stones
Armour
 b - a +0 scale mail
 c - a +0 buckler (worn)
 k - a +0 cloak (worn)
 m - a +0 pair of gloves (worn)
 r - a +3 chain mail (worn)
Jewellery
 d - a +6 ring of dexterity (left hand)
 e - a ring of protection from fire
 g - a +4 ring of protection (right hand)
Wands
 l - a wand of charming (7)
Scrolls
 j - 3 scrolls of immolation
Potions
 i - 3 potions of degeneration
 n - a potion of heal wounds
 q - 6 potions of curing
 s - a potion of lignification
 t - a potion of magic
 u - a potion of berserk rage {unknown}
 v - a potion of attraction {unknown}


   Skills:
 + Level 3.7 Fighting
 + Level 5.0 Axes
 + Level 4.0 Armour
 + Level 1.4 Dodging
 + Level 1.1 Stealth
 + Level 3.4 Shields


You had 6 spell levels left.
You didn't know any spells.
Your spell library contained the following spells:

 Spells                   Type           Power      Damage    Failure   Level
 Magic Dart               Conj           0%         1d3       99%         1
 Searing Ray              Conj           0%         2d4       100%        2
 Fulminant Prism          Conj/Hex       0%         3d6       100%        4


Dungeon Overview and Level Annotations

Branches:
Dungeon (7/15)
 Temple: D:4-7

Altars:
Ru
Trog

Shops:
D:2 (   D:3 =

Annotations:
D:6 Grinder


Innate Abilities, Weirdness & Mutations

You have a pair of small horns on your head.
Your demonic aura often causes spilled blood to erupt in flames.
You regenerate magic rapidly.


Message History

There is a stone staircase leading down here.
A wight comes into view. It is wielding a +0 flail.
The wight moves out of view.
A wight comes into view. It is wielding a +0 vampiric battleaxe.
Found a stone staircase leading up.
The wight hits you with a +0 vampiric battleaxe!
You hit the wight.
The wight is heavily damaged.
The wight hits you with a +0 vampiric battleaxe!
You feel drained.
The wight draws strength from your wounds!
You hit the wight. Your headbutt misses the wight.
The wight is moderately damaged.
The wight barely misses you. You block the wight's attack.
You hit the wight.
The wight is heavily damaged.
You block the wight's attack.
You barely miss the wight.
The wight is heavily damaged.
The wight barely misses you.
You closely miss the wight. You headbutt the wight.
The wight is almost destroyed.
The wight closely misses you.
You barely miss the wight. Your headbutt misses the wight.
The wight is almost destroyed.
The wight hits you with a +0 vampiric battleaxe!
The wight barely misses you.
You hit the wight but do no damage. Your headbutt misses the wight.
The wight is severely damaged.
The wight hits you with a +0 vampiric battleaxe!
* * * LOW HITPOINT WARNING * * *
You feel drained.
* * * LOW HITPOINT WARNING * * *
The wight draws strength from your wounds!
Found 5 boomerangs.
Found 12 gold pieces.
A wight comes into view. It is wielding a +3 spear.
The wight attacks as you move away!
The wight hits you with a +0 vampiric battleaxe!
You die...

#.......#.#.##.######.#####.§
#...#...#.#.................§
#...#...#....z.z......#.###..
+#######+.#############.#
........# # #z#
#.##....######.... #z#
.#....z..z$...<......#
#......(.#####.##......
#........z@....##..#####
#.##.........####.. ..
#.....###.# #. ##....# ... .
#.##.# #### #. #.# #. #.# ..


You could see 2 wights.

Vanquished Creatures
  A black bear (D:4)
  The ghost of domi the Conjurer, an amateur DsWz (D:4)
  A scorpion (D:4)
  3 quasits (D:4)
  An iguana (D:4)
  3 orc wizards
  A gnoll (D:1)
  4 adders
  4 orcs
  7 bats
  9 endoplasms
  3 giant cockroaches
  6 goblins
  6 hobgoblins
  2 jackals (D:3)
  4 quokkas
  9 ball pythons
  3 frilled lizards
  11 kobolds
  4 rats
83 creatures vanquished.

Notes
Turn   | Place    | Note
-------+----------+-------------------------------------------
     0 | D:1      | jlumianski the Demonspawn Fighter began the quest for the
                  | Orb.
     0 | D:1      | Reached XP level 1. HP: 18/18 MP: 1/1
   270 | D:2      | Reached skill level 2 in Axes
   270 | D:2      | Discovered your monstrous ancestry.
   270 | D:2      | Gained mutation: You have a pair of small horns on your
                  | head. [demonic ancestry]
   270 | D:2      | Reached XP level 2. HP: 9/24 MP: 2/2
   739 | D:1      | Gained mutation: Your demonic aura sometimes causes spilled
                  | blood to erupt in flames. [demonic ancestry]
   739 | D:1      | Reached XP level 3. HP: 29/29 MP: 3/3
  1062 | D:1      | Found a faded altar of an unknown god.
  1639 | D:2      | Found Tutzu's Antique Weapon Shop.
  2022 | D:2      | Gained mutation: Your demonic aura often causes spilled
                  | blood to erupt in flames. [demonic ancestry]
  2022 | D:2      | Reached XP level 4. HP: 35/35 MP: 4/4
  2788 | D:3      | Found Kemeijyaga's Jewellery Boutique.
  2807 | D:3      | Reached skill level 3 in Axes
  3152 | D:3      | Found a bloodstained altar of Trog.
  3378 | D:5      | Entered Level 5 of the Dungeon
  3397 | D:4      | Noticed domi's ghost (amateur DsWz)
  3418 | D:4      | Found a transporter.
  3436 | D:4      | Found a transporter.
  3549 | D:4      | Reached XP level 5. HP: 25/41 MP: 5/5
  3554 | D:4      | Reached skill level 1 in Dodging
  3692 | D:4      | Killed domi's ghost
  3693 | D:4      | Reached skill level 4 in Axes
  3693 | D:4      | Gained mutation: You regenerate magic rapidly. [demonic
                  | ancestry]
  3693 | D:4      | Reached XP level 6. HP: 22/47 MP: 6/6
  4166 | D:4      | Reached skill level 5 in Axes
  4320 | D:4      | You fall into a shaft and drop 3 floors!
  4359 | D:6      | Noticed Grinder
  4364 | D:6      | Noticed an orc warrior
  4812 | D:5      | Reached XP level 7. HP: 53/53 MP: 7/7
  4863 | D:5      | Found a sacrificial altar of Ru.
  4875 | D:5      | Reached skill level 1 in Stealth
  4960 | D:5      | Slain by a wight

Illustrated notes

Levels and vault maps discovered:
D:1:      dpeg_arrival_central, layout_basic, ebering_ecumenical_altar_hall
D:2:      minmay_alternating_diamond, layout_basic, serial_shops, shop
D:3:      layout_loops_corners, lemuel_round_altar, serial_shops,
          nicolae_shop_stone, corexii_hall_statues_i,
          chequers_serial_rivers_micro_e
D:4:      layout_loops_ring, gammafunk_ghost_stat_death, minmay_misc_feat_five,
          hangedman_decor_opposing, grunt_ministairs_1
D:5:      layout_loops_ring, nicolae_ru_great_annihilating_truth,
          minmay_temple_entry_mist, minmay_quadrilaterals
D:6:      layout_basic, elyvilon_altar_1, lemuel_doored_altar, st_stairs_2,
          uniq_grinder
D:7:      layout_gridville, serial_shops, nicolae_shop_trees,
          nicolae_shop_advertising_works [nicolae_subvault_shop_adworks],
          nicolae_shop_temple_entry_statues_fountains, nicolae_lakefront_shop,
          nicolae_shop_hallway_stairs, st_stairs_11, uniq_pikel

Skill      XL: |  1  2  3  4  5  6  7 |
---------------+----------------------+-----
Axes           | 2 3 4 5 |  5.0
Armour         | 3 4 |  4.0
Shields        | 3 |  3.4
Dodging        | 1 |  1.4
Stealth        | 1 |  1.1
Fighting       | |  3.7

Action                   |  1- 3 |  4- 6 |  7- 9 || total
-------------------------+-------+-------+-------++-------
Melee: War axe           |    94 |   108 |    15 ||   217
       Headbutt          |     7 |    17 |     3 ||    27
Throw: Dart              |       |     2 |       ||     2
  Use: Potion            |     1 |     7 |       ||     8
       Scroll            |       |    13 |       ||    13
 Stab: Paralysed         |       |       |     1 ||     1
Armor: Scale mail        |    55 |       |       ||    55
       Chain mail        |       |   157 |     3 ||   160
Dodge: Dodged            |    33 |    86 |     5 ||   124
Block: Buckler           |    34 |    37 |     6 ||    77

Table legend: (Time is in decaauts)
 A = Elapsed time spent in this place.
 B = Non-inter-level travel time spent in this place.
 C = Inter-level travel time spent in this place.
 D = Time resting spent in this place.
 E = Time spent auto-exploring this place.
 F = Levels seen in this place.
 G = Mean time per level.
                   A        B        C        D        E       F      G
               +--------+--------+--------+--------+--------+-----+--------+
         Total |   5007 |   4903 |    104 |    612 |   2489 |   7 |  715.3 |
       Dungeon |   5007 |   4903 |    104 |    612 |   2489 |   7 |  715.3 |
               +--------+--------+--------+--------+--------+-----+--------+

Top non-repeatable levels by time:
     D:1: 1298 daAuts
     D:2: 1096 daAuts
     D:4: 1029 daAuts
     D:3: 957 daAuts
     D:5: 565 daAuts
     D:6: 54 daAuts
     D:7: 6 daAuts
